 Dungeon Crawl Stone Soup version 0.31-a0-182-gc5ef74bbde (webtiles) character file.

Game seed: 15168092556399975890

403 Moral the Sneak (level 6, 0/42 HPs)
             Began as an Octopode Brigand on June 22, 2023.
             Slain by an ice beast (14 damage)
             ... on level 5 of the Dungeon.
             The game lasted 00:12:06 (3590 turns).

Moral the Sneak (Octopode Brigand)                  Turns: 3590, Time: 00:12:06

Health: 0/42       AC:  1    Str: 11    XL:     6   Next: 86%
Magic:  6/6        EV: 14    Int: 13    God:
Gold:   200        SH:  0    Dex: 18    Spells: 5/5 levels left

rFire   . . .        h - +4 great sword of Qora Jei {vamp, Dex+3}
rCold   . . .        (shield currently unavailable)
rNeg    . . .        (helmet restricted)
rPois   .            (no amulet)
rElec   .            s - ring of willpower
rCorr   .            (no ring)
SInv    .            (no ring)
Will    +....        (no ring)
Stlth   +++++        (no ring)
HPRegen 0.27/turn    (no ring)
MPRegen 0.10/turn    (no ring)
                     (no ring)

%: no passive effects
@: no status effects
A: almost no armour, amphibious, 8 rings, camouflage 1, gelatinous body 1,
(nimble swimmer 1), tentacles
a: no special abilities


You were on level 5 of the Dungeon.
You visited 1 branch of the dungeon, and saw 5 of its levels.

You collected 200 gold pieces.

Inventory:

Hand Weapons
 h - the +4 great sword of Qora Jei (weapon) {vamp, Dex+3}
   (You acquired it on level 4 of the Dungeon)

   Dex:       It affects your dexterity (+3).
Missiles
 b - 14 poisoned darts (quivered)
 c - 3 curare-tipped darts
 l - a throwing net
Jewellery
 s - a ring of willpower (left tentacle)
Wands
 g - a wand of digging (5)
 r - a wand of acid (9)
 w - a wand of flame (7)
Scrolls
 a - a scroll of identify
 d - a scroll of fog
 e - a scroll of poison
 j - a scroll of revelation
 k - 2 scrolls of torment
 m - a scroll of amnesia {unknown}
 o - a scroll of blinking
 p - a scroll of teleportation {unknown}
 u - a scroll of vulnerability {unknown}
Potions
 f - 3 potions of brilliance
 i - a potion of lignification {unknown}
 n - a potion of enlightenment {unknown}
 q - a potion of cancellation {unknown}
 t - 2 potions of degeneration {unknown}
 v - a potion of curing {unknown}
 x - a potion of haste


   Skills:
 + Level 3.3 Fighting
 - Level 2.9(3.0) Short Blades
 + Level 1.2(2.2) Long Blades
 + Level 3.2 Throwing
 + Level 2.9 Dodging
 * Level 7.8 Stealth


You had 5 spell levels left.
You didn't know any spells.
Your spell library contained the following spells:

 Spells                   Type           Power      Damage    Failure   Level
 Apportation              Tloc           0%         N/A       30%         1
 Necrotise                Necr           0%         1d4       30%         1
 Summon Small Mammal      Summ           0%         N/A       30%         1
 Stone Arrow              Conj/Erth      0%         3d7       67%         3
 Manifold Assault         Tloc           0%         N/A       97%         4
 Dispersal                Tloc           0%         N/A       100%        6
 Disjunction              Tloc           0%         N/A       100%        8
 Lehudib's Crystal Spear  Conj/Erth      0%         10d2      100%        8
 Animate Armour           Summ/Erth      Unusable   N/A       N/A         4

Dungeon Overview and Level Annotations

Branches:
Dungeon (5/15)
 Temple: D:4-7

Altars:
Nemelex Xobeh
Vehumet

Annotations:
D:3 Pargi


Innate Abilities, Weirdness & Mutations

You cannot wear most types of armour.
You are amphibious.
You can wear up to eight rings at the same time.
Your skin changes colour to match your surroundings (Stealth+).
Your rubbery body absorbs attacks. (AC +1, EV +1)
((You are camouflaged when in or above water. (Stealth+)))
You have tentacles for arms and can constrict up to eight enemies at once.


Message History

You barely miss the wight.
The wight is severely damaged.
You constrict the wight.
The wight hits you with a +5 short sword!
The wight barely misses you.
The wight hits you with a +5 short sword!
You feel drained.
Okay, then.
Blink to where?
Press: ? - help, Dir - move target You lose your grip on the wight.
As you read the scroll of blinking, it crumbles to dust.
You climb downwards.
Found a leather armour and a sling.
Found a stone staircase leading up.
There is a stone staircase leading up here.
An ice beast comes into view.
There are monsters nearby!
You start resting.
HP restored.
You slash the scorpion! Your grab misses the scorpion.
You squeeze the scorpion, but do no damage.
The scorpion is severely wounded.
The scorpion stings you.
You slash the scorpion!
You kill the scorpion!
Your life force feels restored.
You see here a scorpion corpse.
The helpless ice beast fails to defend itself.
You slash the ice beast!
The ice beast is severely wounded.
The ice beast hits you. The ice beast freezes you!
You closely miss the ice beast.
You squeeze the ice beast, but do no damage.
The ice beast is severely wounded.
The ice beast barely misses you. The ice beast closely misses you.
You barely miss the ice beast.
The ice beast is heavily wounded.
The ice beast hits you. The ice beast freezes you! The ice beast hits you.
The ice beast freezes you!
You die...

.....# ...#... .
#....###...#.....##
.##)...##.....[.....#
#...................##
...#.................##.
...##...........#.^.....
#..##........<#......#
#.......†.......Y.#
##...###<......@.# #.###
#........## # #........#
#..#####..... #..#
##...# ...## ##..# ##..
..# ### ...


You could see an ice beast.

Vanquished Creatures
  2 scorpions
  Jessica (D:2)
  An iguana (D:3)
  Ijyb (D:3)
  Natasha (twice) (D:2)
  Robin (D:2)
  3 gnolls (D:3)
  An adder (D:4)
  An ufetubus (D:4)
  A worm (D:2)
  3 dart slugs (D:1)
  12 orcs
  3 bats
  6 endoplasms
  3 giant cockroaches
  14 goblins
  9 hobgoblins
  4 jackals (D:2)
  2 quokkas (D:2)
  4 ball pythons
  2 frilled lizards
  4 kobolds
  5 rats
85 creatures vanquished.

Notes
Turn   | Place    | Note
-------+----------+-------------------------------------------
     0 | D:1      | Moral the Octopode Brigand began the quest for the Orb.
     0 | D:1      | Reached XP level 1. HP: 14/14 MP: 1/1
   132 | D:1      | Reached XP level 2. HP: 19/19 MP: 2/2
   188 | D:1      | Found a faded altar of an unknown god.
   429 | D:1      | Reached XP level 3. HP: 24/24 MP: 3/3
   543 | D:2      | Noticed Natasha
   544 | D:2      | Noticed Jessica
   751 | D:2      | Killed Jessica
   752 | D:2      | Reached skill level 6 in Stealth
   752 | D:2      | Reached XP level 4. HP: 24/30 MP: 4/4
  1043 | D:2      | Killed Natasha
  1134 | D:2      | Noticed Robin
  1175 | D:2      | Killed Robin
  1176 | D:2      | Reached XP level 5. HP: 29/35 MP: 5/5
  1711 | D:3      | Noticed Pargi
  1711 | D:3      | Noticed Ijyb
  1831 | D:2      | Noticed Natasha
  1843 | D:2      | Killed Natasha
  2070 | D:3      | Reached skill level 7 in Stealth
  2260 | D:3      | Killed Ijyb
  2453 | D:4      | Identified a scroll of acquirement
  2454 | D:4      | Acquired the +4 great sword of Qora Jei {vamp, Dex+3}
  2500 | D:3      | Reached XP level 6. HP: 40/42 MP: 6/6
  3083 | D:4      | Reached skill level 1 in Long Blades
  3244 | D:4      | Found a radiant altar of Vehumet.
  3443 | D:4      | Found a sparkling altar of Nemelex Xobeh.
  3487 | D:5      | Entered Level 5 of the Dungeon
  3488 | D:5      | Noticed an ice beast
  3590 | D:5      | Slain by an ice beast

Illustrated notes

Levels and vault maps discovered:
D:1:      mainiacjoe_arrival_reflecting_pool, layout_basic,
          chequers_ecumenical_altar_island
D:2:      layout_basic, minmay_liquid_box, uniq_jessica, uniq_robin,
          uniq_natasha
D:3:      layout_loops_cross, uniq_pargi, uniq_ijyb
D:4:      minmay_chambers_of_fours, layout_basic, nemelex_diamond_rough_becter,
          mainiacjoe_overflow_24_doors, nicolae_elyvilon_peaceful_grove,
          vehumet_altar_wand_db, grunt_decor_one_mirror, wad_orctagon
D:5:      layout_layer_cave, nicolae_ru_sacrificial_ziggurat,
          minmay_overflow_temple_star_quad, temple_green, minmay_misc_feat_rows

Skill      XL: |  1  2  3  4  5  6 |
---------------+-------------------+-----
Stealth        | 6 7 |  7.8
Dodging        | 2 |  2.9
Fighting       | 3 |  3.3
Long Blades    | 1 |  1.2
Throwing       | 3 |  3.2
Short Blades   | |  2.9

Action                     |  1- 3 |  4- 6 || total
---------------------------+-------+-------++-------
  Melee: Dagger            |    38 |    99 ||   137
         Constrict         |     6 |    37 ||    43
         Tentacles         |     3 |    38 ||    41
         Great sword       |       |    55 ||    55
    Use: Scroll            |     1 |     8 ||     9
         Potion            |       |     4 ||     4
   Stab: Sleeping          |    14 |     9 ||    23
         Distracted        |     1 |       ||     1
 Armour: Skin              |     5 |     8 ||    13
  Dodge: Dodged            |    14 |    96 ||   110

Table legend: (Time is in decaauts)
 A = Elapsed time spent in this place.
 B = Non-inter-level travel time spent in this place.
 C = Inter-level travel time spent in this place.
 D = Time resting spent in this place.
 E = Time spent auto-exploring this place.
 F = Levels seen in this place.
 G = Mean time per level.
                   A        B        C        D        E       F      G
               +--------+--------+--------+--------+--------+-----+--------+
         Total |   3594 |   3375 |    219 |    604 |   1750 |   5 |  718.8 |
       Dungeon |   3594 |   3375 |    219 |    604 |   1750 |   5 |  718.8 |
               +--------+--------+--------+--------+--------+-----+--------+

Top non-repeatable levels by time:
     D:2: 1490 daAuts
     D:3: 716 daAuts
     D:1: 679 daAuts
     D:4: 603 daAuts
     D:5: 105 daAuts
